 Dungeon Crawl Stone Soup version 0.28.0-53-g5a82cb258f (webtiles) character file.

Game seed: 14858706553040680139

502 pkoi the Conjurer (level 6, 0/67 HPs)
             Began as a Demigod Conjurer on May 20, 2022.
             Succumbed to a scorpion's poison
             ... on level 4 of the Dungeon.
             The game lasted 00:05:43 (5827 turns).

pkoi the Conjurer (Demigod Conjurer)                Turns: 5827, Time: 00:05:44

Health: 0/67       AC: 23    Str:  8    XL:     6   Next: 63%
Magic:  9/13       EV:  2    Int: 28    God:
Gold:   87         SH:  0    Dex: 12    Spells: 0/11 levels left

rFire   . . .      SeeInvis .   g - +0 dagger (venom)
rCold   + . .      Faith    .   (no shield)
rNeg    . . .      Spirit   .   (armour currently unavailable)
rPois   +          Reflect  .   (helmet currently unavailable)
rElec   .          Harm     .   (cloak currently unavailable)
rCorr   .          Rampage  .   (gloves currently unavailable)
Will    .....      NoTele   +   (boots currently unavailable)
Stlth   ++........              (no amulet)
HPRegen 0.21/turn               d - ring of protection from cold
MPRegen 0.13/turn               (no ring)

@: mighty, lethally poisoned (0 -> 0), tree-form
A: stationary, stasis, torment immunity, boosted hp, high MP 1, forlorn, divine
attributes
a: no special abilities


You were on level 4 of the Dungeon.
You were a tree.
You visited 1 branch of the dungeon, and saw 4 of its levels.

You collected 127 gold pieces.
You spent 40 gold pieces at shops.

Inventory:

Hand Weapons
 g - a +0 dagger of venom (weapon)
 i - a +3 spear
 m - a +1 vampiric whip
 o - a +3 short sword
Armour
 a - a +0 robe
 j - a +1 animal skin (melded)
 k - a +0 helmet (melded)
 l - a +0 cloak (melded)
Jewellery
 d - a ring of protection from cold (left branch)
Scrolls
 c - 2 scrolls of identify
 n - a scroll of magic mapping {unknown}
Potions
 e - a potion of mutation
 f - a potion of degeneration


   Skills:
 - Level 1.7 Dodging
 - Level 1.7 Stealth
 - Level 3.0 Spellcasting
 * Level 6.4 Conjurations
 + Level 1.2 Hexes
 + Level 2.4 Translocations


You couldn't memorise any spells.
You knew the following spells:

 Your Spells              Type           Power      Damage    Failure   Level
a - Magic Dart            Conj           100%       1d8       1%          1
b - Searing Ray           Conj           80%        2d7       1%          2
c - Iskenderun's Mystic   Conj/Tloc      28%        2d7       13%         4
d - Fulminant Prism       Conj/Hex       12%        3d9       17%         4

Your spell library contained the following spells:

 Spells                   Type           Power      Damage    Failure   Level
 Dazzling Flash           Conj/Hex       50%        N/A       5%          3


Dungeon Overview and Level Annotations

Branches:
Dungeon (4/15)
 Temple: D:4-7

Shops:
D:4 !


Innate Abilities, Weirdness & Mutations

You are a tree.
Your roots penetrate the ground, keeping you stationary.
You cannot be teleported.
You are immune to unholy pain and torment.
Your maximum health is greatly increased.
Your equipment is partially melded.
You have an increased reservoir of magic. (+10% MP)
You shall have no god before yourself.
Your divine heritage dramatically boosts your attributes as you level up.


Message History

* * * LOW HITPOINT WARNING * * *
You feel very sick.
Unknown command.
It was a potion of might.
You feel very mighty all of a sudden.
* * * LOW HITPOINT WARNING * * *
You feel sick. The necrophage barely misses you.
You barely miss the necrophage.
* * * LOW HITPOINT WARNING * * *
You feel sick.
The necrophage hits you but does no damage.
You puncture the necrophage!
The necrophage is moderately damaged.
* * * LOW HITPOINT WARNING * * *
You feel sick. The necrophage barely misses you.
You hit the necrophage. Your punch misses the necrophage.
The necrophage is moderately damaged.
* * * LOW HITPOINT WARNING * * *
You feel sick. The necrophage barely misses you.
Unknown command.
Okay, then.
Okay, then.
Really quaff the potion of lignification?
You turn into a tree.
Your +0 cloak melds into your body.
Your +0 helmet melds into your body.
Your +1 animal skin melds into your body.
Your roots penetrate the ground.
You feel sick.
The necrophage hits you but does no damage.
Unknown command.
You hit the necrophage but do no damage.
The necrophage is moderately damaged.
You feel sick. The necrophage hits you.
* * * LOW HITPOINT WARNING * * *
You puncture the necrophage!
The necrophage is severely damaged.
* * * LOW HITPOINT WARNING * * *
You feel sick. The necrophage barely misses you.
You puncture the necrophage!
You destroy the necrophage!
You die...

### ...# . #######....#
... ####.....'....#
.....#####........#....#
#>....♣†.........######
#.#.#####.##........#
.#.#####.#####.#######
......................
##'#####.#####.#######
#.# ##.### #.# #....#
#.# #....# #.# #....#


There were no monsters in sight!

Vanquished Creatures
  A necrophage (D:4)
  An ogre (D:4)
  2 scorpions (D:4)
  An orc priest (D:4)
  An iguana (D:4)
  3 orc wizards (D:4)
  Robin (D:2)
  6 adders
  An ufetubus (D:4)
  3 dart slugs
  9 orcs
  2 bats (D:1)
  3 endoplasms
  3 giant cockroaches
  8 hobgoblins
  9 jackals
  A quokka (D:2)
  4 ball pythons
  3 frilled lizards
  15 goblins
  8 kobolds
  5 rats
90 creatures vanquished.

Vanquished Creatures (collateral kills)
  An orc (D:4)
1 creature vanquished.

Grand Total: 91 creatures vanquished

Notes
Turn   | Place    | Note
-------+----------+-------------------------------------------
     0 | D:1      | pkoi the Demigod Conjurer began the quest for the Orb.
     0 | D:1      | Reached XP level 1. HP: 14/14 MP: 5/5
   311 | D:1      | Reached XP level 2. HP: 20/20 MP: 2/7
   338 | D:1      | Reached skill level 4 in Conjurations
  1312 | D:1      | Reached XP level 3. HP: 11/26 MP: 3/9
  2390 | D:2      | Noticed Robin
  2395 | D:2      | Reached XP level 4. HP: 33/33 MP: 4/10
  2602 | D:2      | Killed Robin
  3094 | D:1      | Learned a level 2 spell: Searing Ray
  3099 | D:1      | Learned a level 4 spell: Iskenderun's Mystic Blast
  3242 | D:2      | Reached skill level 5 in Conjurations
  4420 | D:4      | Found Sobbang's Distillery.
  4429 | D:4      | Bought a potion of degeneration for 10 gold pieces
  4429 | D:4      | Bought a potion of lignification for 30 gold pieces
  4562 | D:4      | Reached XP level 5. HP: 38/38 MP: 5/12
  4822 | D:4      | Reached skill level 1 in Translocations
  5198 | D:4      | Noticed an ogre
  5204 | D:4      | Killed an ogre
  5205 | D:4      | Reached XP level 6. HP: 45/45 MP: 8/13
  5345 | D:4      | Learned a level 4 spell: Fulminant Prism
  5387 | D:4      | Reached skill level 6 in Conjurations
  5818 | D:4      | Reached skill level 1 in Hexes
  5825 | D:4      | HP: 3/67 [poisoned by a scorpion]
  5826 | D:4      | HP: 1/67 [poisoned by a scorpion]
  5827 | D:4      | Succumbed to a scorpion's poison

Illustrated notes

Levels and vault maps discovered:
D:1:      matt_arrival_grand_opening, layout_basic
D:2:      layout_rooms, guppyfry_early_orc_mine, uniq_robin
D:3:      layout_basic, skrybe_limestone_x
D:4:      layout_basic, mainiacjoe_overflow_brackets, serial_shops, shop,
          kennysheep_generic_room_14

Skill      XL: |  1  2  3  4  5  6 |
---------------+-------------------+-----
Spellcasting   | 2 3 |  3.0
Conjurations   | 4 5 6 |  6.4
Translocations | 1 2 |  2.4
Hexes          | 1 |  1.2
Dodging        | |  1.7
Stealth        | |  1.7

Action                   |  1- 3 |  4- 6 || total
-------------------------+-------+-------++-------
Melee: Dagger            |    33 |    40 ||    73
 Cast: Magic Dart        |    75 |    61 ||   136
       Searing Ray       |       |     6 ||     6
  Use: Scroll            |       |     4 ||     4
       Potion            |       |     4 ||     4
Armor: Robe              |    15 |     4 ||    19
       Animal skin       |       |     5 ||     5
       Skin              |       |     1 ||     1
Dodge: Dodged            |    34 |    21 ||    55
